AoeStats
← Kailer

African Clearing

506486220Analyzed
4v4 RM · 20d ago on Sep 13, 2026· 40m 52s· 8 players
Game mode
Random Map
Map size
Large (8 player)
Population
200
Speed
Normal
Resources
Standard
Victory
Conquest
Starting age
Dark Age
Ending age
Imperial Age
RankedLock teamsTeams togetherTeam positionsShared explorationLock speedFull tech treeHidden civsTurbo modeCheats
Victory
Defeat
🇺🇾 Huns · Uruguay
1169
+11
🇺🇾 Britons · Uruguay
1097
+13
🇺🇾 Spanish · Uruguay
1055
+15
🇪🇸 Hindustanis · Spain
1035
+16
🇬🇧 Spanish · United Kingdom
1078
-15
🇧🇷 Romans · Brazil
1064
-15
🇩🇪 Berbers · Germany
1029
-13
🇩🇪 Tatars · Germany
994
-12
CapitaoPlaneta
4:58 Loom
15:04 Feudal Age
16:41 Gold Mining
16:53 Scale Mail Armor
16:46 Man-at-Arms
18:11 Forging
19:22 Forging
19:35 Town Watch
29:14 Castle Age
28:16 Padded Archer Armor
30:20 Long Swordsman
35:51 Gold Shaft Mining
35:08 Stone Mining
35:10 Fletching
38:58 Double-Bit Axe
TAdama_Actual
6:23 Loom
16:52 Feudal Age
19:01 Town Watch
21:37 Wheelbarrow
23:53 Castle Age
25:09 Husbandry
26:08 Gold Mining
26:01 Horse Collar
27:01 Scale Barding Armor
26:52 Double-Bit Axe
35:11 Fletching
35:56 Bodkin Arrow
39:18 Ballistics
39:35 Bloodlines
Kailer
9:06 Loom
14:20 Feudal Age
19:38 Castle Age
19:29 Double-Bit Axe
25:21 Padded Archer Armor
25:11 Fletching
29:24 Bloodlines
33:16 Horse Collar
33:50 Bow Saw
35:37 Wheelbarrow
37:09 Kasbah
38:04 Husbandry
40:04 Bodkin Arrow
40:25 Leather Archer Armor
40:16 Scale Barding Armor
Carbenok
10:12 Loom
16:40 Feudal Age
20:28 Castle Age
19:39 Double-Bit Axe
19:49 Fletching
22:47 Bodkin Arrow
29:30 Elite Skirmisher
30:17 Padded Archer Armor
El Profesor X
4:50 Loom
13:55 Feudal Age
15:41 Double-Bit Axe
15:21 Man-at-Arms
18:57 Scale Mail Armor
19:07 Forging
19:43 Fletching
23:52 Castle Age
22:34 Horse Collar
24:41 Squires
24:16 Elite Skirmisher
25:56 Bodkin Arrow
26:41 Heavy Plow
31:57 Bow Saw
32:03 Bloodlines
31:14 Light Cavalry
31:54 Husbandry
35:52 Wheelbarrow
Ticotico
10:25 Loom
14:00 Feudal Age
14:46 Double-Bit Axe
19:38 Fletching
19:49 Padded Archer Armor
24:15 Castle Age
24:36 Scale Barding Armor
24:41 Forging
25:10 Crossbowman
32:25 Wheelbarrow
34:57 Bodkin Arrow
35:17 Leather Archer Armor
37:19 Iron Casting
37:04 Chain Barding Armor
38:27 Gold Mining
38:27 Stone Mining
38:58 Hand Cart
42:43 Imperial Age
Chacal
7:56 Loom
16:01 Feudal Age
27:12 Fletching
28:04 Padded Archer Armor
36:30 Castle Age
35:14 Double-Bit Axe
35:14 Horse Collar
36:09 Scale Barding Armor
36:17 Forging
38:05 Thumb Ring
39:11 Stone Mining
40:03 Bodkin Arrow
KingAvedis II
2:53 Loom
12:27 Feudal Age
19:21 Stone Mining
21:37 Castle Age
19:44 Gold Mining
21:25 Horse Collar
22:48 Double-Bit Axe
24:25 Wheelbarrow
26:22 Scale Mail Armor
26:33 Forging
27:54 Squires
30:00 Iron Casting
34:32 Gold Shaft Mining
37:57 Imperial Age
36:30 Chain Mail Armor
36:38 Bow Saw
38:06 Hand Cart
38:11 Bow Saw
37:58 Elite Ghulam
39:55 Blast Furnace
Connection lost

Rejoining the realm…

Still unreachable

The connection could not be restored.

Session expired

The server has moved on; the page needs a fresh start.